 Dungeon Crawl Stone Soup version 0.29-a0-1027-gcd8c55af63 (webtiles) character file.

Game seed: 1157920193543192875

5616 croobank the Slasher (level 10, -1/77 HPs)
             Began as a Demonspawn Wanderer on Aug 14, 2022.
             Slain by a tengu warrior
             ... wielding a +0 glaive
              (17 damage)
             ... on level 8 of the Dungeon.
             The game lasted 00:39:32 (10361 turns).

croobank the Slasher (Demonspawn Wanderer)         Turns: 10361, Time: 00:39:33

Health: -1/77      AC: 17    Str: 17    XL:     10   Next: 45%
Magic:  19/19      EV:  6    Int: 16    God:
Gold:   103        SH:  0    Dex: 16    Spells: 4/9 levels left

rFire   . . .      SeeInvis .   H - +2 morningstar (protect)
rCold   + + .      Faith    .   (no shield)
rNeg    . . .      Spirit   .   I - +2 chain mail of Meownat {rPois rC++ Slay+2}
rPois   +          Reflect  .   (no helmet)
rElec   .          Harm     .   s - +0 cloak
rCorr   .          Rampage  .   c - +2 pair of gloves
Will    .....                   B - +0 pair of boots
Stlth   +.........              u - amulet of regeneration
HPRegen 1.02/turn               n - ring of magical power
MPRegen 0.16/turn               o - +6 ring of dexterity

@: lethally poisoned (-1 -> -2)
A: claws 2, thin metallic scales 1, powered by death 2
a: no special abilities


You were on level 8 of the Dungeon.
You visited 1 branch of the dungeon, and saw 8 of its levels.

You collected 457 gold pieces.
You spent 354 gold pieces at shops.

Inventory:

Hand Weapons
 a - a +0 war axe
 b - a +0 short sword
 k - a +0 dagger
 w - a +0 morningstar
 y - a +2 falchion
 H - a +2 morningstar of protection (weapon)
 K - the +8 shortbow of Uskayaw's Displeasure {venom, Int+8}
   (You bought it in a shop on level 8 of the Dungeon)

   Any ammunition fired from it poisons the flesh of those it strikes.
   Int:       It affects your intelligence (+8).
 O - a +2 whip of freezing
Missiles
 h - a curare-tipped dart
 D - 2 datura-tipped darts (quivered)
 F - 2 poisoned darts
 J - 3 boomerangs
Armour
 c - a +2 pair of gloves (worn)
 e - a +0 leather armour
 l - a +1 ring mail
 s - a +0 cloak (worn)
 B - a +0 pair of boots (worn)
 C - +0 steam dragon scales
 I - the +2 chain mail of Meownat (worn) {rPois rC++ Slay+2}
   (You took it off an orc on level 7 of the Dungeon)

   Slay:      It affects your accuracy & damage with ranged weapons and melee
   (+2).
   rC:        It greatly protects you from cold.
   rPois:     It protects you from poison.
Magical Staves
 v - a staff of death
Jewellery
 n - a ring of magical power (left hand)
 o - a +6 ring of dexterity (right hand)
 t - a ring of willpower
 u - an amulet of regeneration (around neck)
 z - a ring of protection from cold
Wands
 M - a wand of light (2)
Scrolls
 g - a scroll of fog
 q - a scroll of teleportation
 r - a scroll of vulnerability
 x - a scroll of identify
 L - 3 scrolls of poison
Potions
 d - 2 potions of brilliance
 f - a potion of resistance
 i - a potion of invisibility
 j - 2 potions of flight
 m - a potion of magic
 p - 2 potions of attraction
 E - 4 potions of curing
 N - a potion of berserk rage


   Skills:
 + Level 6.7 Fighting
 + Level 6.7(8.2) Short Blades
 + Level 7.1(8.4) Long Blades
 + Level 3.8 Ranged Weapons
 + Level 7.0 Stealth
 + Level 6.8 Evocations


You had 4 spell levels left.
You knew the following spells:

 Your Spells              Type           Power      Damage    Failure   Level
a - Ozocubu's Armour      Ice            0%         N/A       100%        3
b - Ensorcelled Hibernat  Hex/Ice        0%         N/A       100%        2

Your spell library contained the following spells:

 Spells                   Type           Power      Damage    Failure   Level
 Summon Small Mammal      Summ           0%         N/A       99%         1
 Static Discharge         Conj/Air       0%         3-3/arc   100%        2
 Call Canine Familiar     Summ           0%         N/A       100%        3
 Lesser Beckoning         Tloc           0%         N/A       100%        3
 Spider Form              Tmut/Pois      0%         N/A       100%        3
 Summon Guardian Golem    Hex/Summ       0%         N/A       100%        3
 Anguish                  Hex/Necr       0%         N/A       100%        4
 Irradiate                Conj/Tmut      0%         3d11      100%        5
 Lightning Bolt           Conj/Air       0%         1d11      100%        5
 Metabolic Englaciation   Hex/Ice        0%         N/A       100%        5
 Summon Forest            Summ/Tloc      0%         N/A       100%        5
 Simulacrum               Ice/Necr       0%         N/A       100%        6
 Borgnjor's Revivificati  Necr           0%         N/A       100%        8
 Maxwell's Capacitive Co  Air            0%         ∞         100%        8
 Necromutation            Tmut/Necr      0%         N/A       100%        8
 Death's Door             Necr           0%         N/A       100%        9


Dungeon Overview and Level Annotations

Branches:
Dungeon (8/15)
 Temple: D:4-7         Lair: D:8-11

Altars:

Shops:
D:8 ((*(*


Innate Abilities, Weirdness & Mutations

You have very sharp fingernails.
You are partially covered in thin metallic scales. (AC +2)
You regenerate health from kills.


Message History

The killer bee is severely wounded.
The killer bee stings you but does no damage.
The killer bee stings you.
The killer bee stings you but does no damage.
You hit the killer bee.
Your weapon exudes an aura of protection.
The killer bee is almost dead.
The killer bee stings you but does no damage.
The killer bee barely misses you.
The tengu warrior hits you but does no damage.
The killer bee stings you but does no damage.
The tengu warrior hits you but does no damage.
Throw: 3 darts (datura)
Press: ? - help, Q - select action, (/) - cycle Shift-Dir - straight line, f - killer bee
Aim: a killer bee (almost dead, 40% to hit, chance to frenzy on hit: 87%)
You throw a datura-tipped dart.
The datura-tipped dart hits the killer bee.
The killer bee resists.
The killer bee is almost dead.
The killer bee stings you. The killer bee barely misses you.
The tengu warrior hits you but does no damage.
You miss the killer bee.
The killer bee is almost dead.
The killer bee stings you.
You are poisoned.
The killer bee poisons you!
The killer bee stings you but does no damage.
The tengu warrior hits you from afar with a +0 glaive!
* * * LOW HITPOINT WARNING * * *
The killer bee stings you but does no damage.
The killer bee attacks as you move away!
The killer bee closely misses you.
You feel very sick.
The killer bee stings you but does no damage.
You barely miss the killer bee.
The killer bee is almost dead.
You feel very sick.
The killer bee stings you but does no damage. x2
The tengu warrior hits you from afar with a +0 glaive!
You die...

##.....##'#### #..≈.≈...######.
##8.....8##.## #...≈....#...##.
#.........##.## ##..###..#.#.##.
8.........8#†.## ###.###.#..#..#.
...........'[..###.........#.#.#.
8.........8#...'...........#.#...
#.........##...#Q#.....#..##.##..
##8.....8##...##y#.#...#..#...#..
##.....##...###@#.##..#.##...##.
##8.8##...## #.#.......#..#..#.
##+##..'## #.####...##..§..## ###
#....#.# #...(....#..#.#..# ..#
######.# ######..##...)Y..# #.#
##.## ###..#..#.#.#.. #.##
##...## ##...##......... ...#
#.....#####..#########...#
#..######...###...###..#=.##.##.[


You could see a tengu warrior and a killer bee.

Vanquished Creatures
  A boulder beetle (D:8)
  Pikel (D:8)
  Joseph (D:8)
  Maggie (D:8)
  A troll (D:8)
  A hornet (D:8)
  Prince Ribbit (D:8)
  A wyvern (D:7)
  5 yaks (D:8)
  A steam dragon (D:8)
  A water moccasin (D:5)
  An acid dragon (D:8)
  2 orc warriors
  A sky beast (D:7)
  2 black bears
  2 ogres
  2 lemures (D:8)
  2 phantoms (D:5)
  A kobold brigand (D:5)
  3 necrophages (D:6)
  3 scorpions
  9 killer bees
  2 hounds
  2 jellies
  3 orc priests
  4 iguanas
  2 orc wizards
  7 adders
  3 gnolls (D:4)
  A white imp (D:8)
  An ufetubus (D:6)
  A worm (D:2)
  2 dart slugs
  16 orcs
  8 ball pythons
  5 bats
  3 endoplasms
  3 giant cockroaches
  5 goblins
  4 hobgoblins
  6 jackals
  9 kobolds
  A quokka (D:2)
  3 frilled lizards
  2 rats
  A spectral goblin (D:1)
137 creatures vanquished.

Vanquished Creatures (collateral kills)
  A bullfrog (D:8)
1 creature vanquished.

Grand Total: 138 creatures vanquished

Notes
Turn   | Place    | Note
-------+----------+-------------------------------------------
     0 | D:1      | croobank the Demonspawn Wanderer began the quest for the
                  | Orb.
     0 | D:1      | croobank set off with the following items: a +2 falchion, a
                  | +0 short sword, a +0 pair of gloves, a scroll of fear, a +0
                  | leather armour.
     0 | D:1      | Reached XP level 1. HP: 13/13 MP: 1/1
   253 | D:1      | Gained mutation: You have sharp fingernails. [demonic
                  | ancestry]
   253 | D:1      | Reached XP level 2. HP: 19/19 MP: 2/2
   314 | D:1      | Found a faded altar of an unknown god.
  1506 | D:2      | Reached XP level 3. HP: 14/25 MP: 3/3
  2103 | D:2      | Reached skill level 1 in Fighting
  2529 | D:2      | Reached XP level 4. HP: 32/32 MP: 4/4
  3789 | D:4      | Learned a level 3 spell: Ozocubu's Armour
  3999 | D:4      | Noticed a scorpion
  4012 | D:4      | Killed a scorpion
  4013 | D:4      | Gained mutation: You regenerate a little health from kills.
                  | [demonic ancestry]
  4013 | D:4      | Reached XP level 5. HP: 28/38 MP: 5/5
  4816 | D:5      | Entered Level 5 of the Dungeon
  5179 | D:4      | Gained mutation: You are partially covered in thin metallic
                  | scales. (AC +2) [demonic ancestry]
  5179 | D:4      | Reached XP level 6. HP: 32/44 MP: 6/6
  5720 | D:6      | Reached XP level 7. HP: 52/52 MP: 7/7
  5981 | D:5      | Learned a level 2 spell: Ensorcelled Hibernation
  6422 | D:5      | Reached skill level 5 in Long Blades
  7337 | D:6      | Gained mutation: You have very sharp fingernails. [demonic
                  | ancestry]
  7337 | D:6      | Reached XP level 8. HP: 58/60 MP: 8/8
  7670 | D:6      | Reached skill level 5 in Short Blades
  7873 | D:7      | Identified the +2 chain mail of Meownat {rPois rC++ Slay+2}
  7893 | D:7      | Reached skill level 5 in Stealth
  8430 | D:7      | Reached skill level 5 in Evocations
  8661 | D:8      | Got the Treatise on the Shifting Voyage
  8712 | D:8      | Found Kurajer's Antique Weapon Shop.
  8721 | D:8      | Bought a brightly glowing shortbow for 288 gold pieces
  8721 | D:8      | Identified the +8 shortbow of Uskayaw's Displeasure {venom,
                  | Int+8} (You bought it in a shop on level 8 of the Dungeon)
  8761 | D:8      | Noticed Joseph
  8768 | D:8      | Killed Joseph
  8769 | D:8      | Reached skill level 5 in Fighting
  8769 | D:8      | Reached skill level 1 in Ranged Weapons
  8769 | D:8      | Reached XP level 9. HP: 29/68 MP: 9/9
  8836 | D:8      | Noticed Prince Ribbit
  8840 | D:8      | Killed Prince Ribbit
  8989 | D:8      | Found Tejukh's Assorted Antiques.
  9000 | D:8      | Noticed Pikel
  9026 | D:8      | Killed Pikel
  9071 | D:8      | Found Agrunuel's Antique Weapon Emporium.
  9167 | D:8      | HP: 3/69 [yak (10)]
  9344 | D:8      | Found Rustutas's Assorted Antiques.
  9571 | D:8      | Noticed a tengu warrior
  9859 | D:8      | Bought 2 fuming sapphire potions for 66 gold pieces
  9966 | D:8      | Found Wudiph's Weapon Shoppe.
 10025 | D:8      | Gained mutation: You regenerate health from kills. [demonic
                  | ancestry]
 10025 | D:8      | Reached XP level 10. HP: 38/76 MP: 10/10
 10145 | D:8      | Noticed Maggie
 10158 | D:8      | Killed Maggie
 10207 | D:8      | Noticed a catoblepas
 10258 | D:8      | Identified the +5 ice dragon scales of Articulation {rF-
                  | rC++ Will++}
 10263 | D:8      | Noticed a boulder beetle
 10273 | D:8      | Killed a boulder beetle
 10361 | D:8      | Slain by a tengu warrior

Illustrated notes

Levels and vault maps discovered:
D:1:      nicolae_arrival_somewhat_less_tricky_arrival, layout_loops_cross,
          dreamdust_ecumenical_altar_drowned_temple
D:2:      layout_rooms, hangedman_abyss_or_decor_stabs
D:3:      layout_rooms, hex_intersection, chequers_serial_rivers_micro_d
D:4:      layout_basic, moated_statue
D:5:      layout_cave_pools, hex_tiny, grunt_decor_clamped
D:6:      layout_rooms
D:7:      layout_basic, mainiacjoe_overflow_alcove_4,
          minmay_temple_entry_drinking_statues
D:8:      minmay_the_grid_four_pointed_star
          [minmay_the_grid_triangle_9x9_from_above,
          minmay_the_grid_triangle_9x9_sprig,
          minmay_the_grid_triangle_9x9_limited_checkers,
          minmay_the_grid_triangle_9x9_negative_grid,
          minmay_the_grid_prize_four_corners_diamond_b], layout_loops_corners,
          serial_shops, nicolae_shop_statue_plus, nicolae_diamond_shop, shop,
          shop, nicolae_shop_stone, dk_noncrumbling_4, uniq_joseph, uniq_maggie,
          uniq_prince_ribbit1, uniq_pikel

Skill      XL: |  1  2  3  4  5  6  7  8  9 10 |
---------------+-------------------------------+-----
Stealth        | 2 3 4 5 6 7 |  7.0
Short Blades   | 3 4 5 6 |  6.7
Fighting       | 1 2 3 5 6 |  6.7
Long Blades    | 4 5 6 7 |  7.1
Evocations     | 2 3 4 5 6 |  6.8
Ranged Weapons | 1 3 |  3.8

Action                   |  1- 3 |  4- 6 |  7- 9 | 10-12 || total
-------------------------+-------+-------+-------+-------++-------
Melee: Falchion          |   116 |   108 |       |       ||   224
       Punch             |     1 |     1 |     4 |       ||     6
       War axe           |       |    45 |   121 |       ||   166
       Morningstar       |       |       |   136 |    23 ||   159
 Fire: Shortbow          |       |       |    81 |    38 ||   119
Throw: Dart              |       |       |     8 |     1 ||     9
 Cast: Ensorcelled Hiber |       |       |     1 |       ||     1
  Use: Scroll            |     2 |    16 |     9 |     7 ||    34
       Potion            |       |       |     8 |     1 ||     9
 Stab: Sleeping          |     4 |     4 |     1 |       ||     9
Armor: Leather armour    |    24 |    19 |       |       ||    43
       Ring mail         |       |    41 |   123 |       ||   164
       Skin              |       |       |     7 |       ||     7
       Chain mail        |       |       |   172 |    65 ||   237
Dodge: Dodged            |    68 |    87 |   180 |    32 ||   367

Table legend: (Time is in decaauts)
 A = Elapsed time spent in this place.
 B = Non-inter-level travel time spent in this place.
 C = Inter-level travel time spent in this place.
 D = Time resting spent in this place.
 E = Time spent auto-exploring this place.
 F = Levels seen in this place.
 G = Mean time per level.
                   A        B        C        D        E       F      G
               +--------+--------+--------+--------+--------+-----+--------+
         Total |  10643 |  10481 |    162 |   3932 |   4293 |   8 | 1330.4 |
       Dungeon |  10643 |  10481 |    162 |   3932 |   4293 |   8 | 1330.4 |
               +--------+--------+--------+--------+--------+-----+--------+

Top non-repeatable levels by time:
     D:5: 1857 daAuts
     D:8: 1836 daAuts
     D:1: 1522 daAuts
     D:4: 1333 daAuts
     D:2: 1085 daAuts
     D:3: 1071 daAuts
     D:7: 1007 daAuts
     D:6: 929 daAuts
